 Dungeon Crawl Stone Soup version 0.28-a0-1506-g3893175d92 (webtiles) character file.

Game seed: 3597537023290117158

60 dracfodder the Conjurer (level 4, 0/30 HPs)
             Began as a Human Conjurer on Jan 13, 2022.
             Slain by a hobgoblin (3 damage)
             ... led by Robin
             ... on level 2 of the Dungeon.
             The game lasted 00:10:09 (2364 turns).

dracfodder the Conjurer (Human Conjurer)            Turns: 2364, Time: 00:10:09

Health: 0/30       AC:  2    Str:  7    XL:     4   Next: 25%
Magic:  0/7        EV: 12    Int: 20    God:
Gold:   59         SH:  0    Dex: 12    Spells: 1/7 levels left

rFire   . . .      SeeInvis .   b - +0 short sword
rCold   . . .      Faith    .   (no shield)
rNeg    . . .      Spirit   .   a - +0 robe
rPois   .          Reflect  .   (no helmet)
rElec   .          Harm     .   (no cloak)
rCorr   .          Rampage  .   (no gloves)
Will    .....                   (no boots)
Stlth   ++........              (no amulet)
HPRegen 0.10/turn               (no ring)
MPRegen 0.10/turn               (no ring)

@: no status effects
A: no striking features
a: no special abilities


You were on level 2 of the Dungeon.
You visited 1 branch of the dungeon, and saw 3 of its levels.

You collected 59 gold pieces.

Inventory:

Hand Weapons
 b - a +0 short sword (weapon)
Missiles
 c - 54 stones
 h - 66 arrows
 i - 25 bolts
Armour
 a - a +0 robe (worn)
Scrolls
 d - 2 scrolls of identify
Potions
 f - a potion of heal wounds {unknown}
 g - a potion of brilliance {unknown}


   Skills:
 + Level 0.1 Fighting
 + Level 2.3 Dodging
 + Level 2.2 Stealth
 + Level 2.3 Spellcasting
 * Level 4.9 Conjurations


You had one spell level left.
You knew the following spells:

 Your Spells              Type           Power      Damage    Failure   Level
a - Magic Dart            Conj           88%        1d7       1%          1
b - Searing Ray           Conj           44%        2d6       3%          2
c - Dazzling Flash        Conj/Hex       24%        N/A       16%         3

Your spell library contained the following spells:

 Spells                   Type           Power      Damage    Failure   Level
 Fulminant Prism          Conj/Hex       6%         3d7       47%         4
 Iskenderun's Mystic Bla  Conj/Tloc      12%        2d5       47%         4


Dungeon Overview and Level Annotations

Branches:
Dungeon (3/15)

Altars:


Message History

You kill the hobgoblin! (Press . to maintain the ray.)
The hobgoblin no longer looks unusually strong.
Robin hits you from afar with a +0 trident.
* * * LOW HITPOINT WARNING * * *
The searing ray hits Robin.
Robin is severely wounded.
Robin says, "My army is invincible!"
Robin roars a battlecry!
The hobgoblin goes into a battle-frenzy!
You hear a shout! x2
The searing ray hits Robin!
You kill Robin!
The searing ray misses the hobgoblin.
The hobgoblin no longer looks unusually strong.
You feel better.
The goblin no longer looks unusually strong.
The hobgoblin hits you.
You hit the hobgoblin.
The hobgoblin is heavily wounded.
The hobgoblin hits you.
* * * LOW HITPOINT WARNING * * *
You barely miss the hobgoblin.
The hobgoblin is heavily wounded.
The hobgoblin hits you.
* * * LOW HITPOINT WARNING * * *
You closely miss the hobgoblin.
The hobgoblin is heavily wounded.
The hobgoblin barely misses you.
You hit the hobgoblin.
The hobgoblin is severely wounded.
The hobgoblin closely misses you.
You hit the hobgoblin.
The hobgoblin is almost dead.
The hobgoblin hits you.
* * * LOW HITPOINT WARNING * * *
You barely miss the hobgoblin.
The hobgoblin is almost dead.
The hobgoblin hits you.
You die...

#. #.#.# #.##.###.###.#
.# #.#
#.#.#####.##.....# .#
#.# #.[..........#.###
.. #.#
#...###.#.#...... ##.#
#...# #.#.#>##.### .#.#
#.†.###.#.#.# # .#.#
#........)#.##.#
.#.####..#.#####....#
.........#.# #@#
.#.####.##.# #g#
..#.###.##.#####g# ..
.###.##.........g# .#
##
##.####.#####.#####.#
.###..# #.............#
#.#.#.#
##........###..#
##).#.###...####..# ..#
##.#.##.....###..###..#


You could see 2 hobgoblins and a goblin.

Vanquished Creatures
  Robin (D:2)
  An adder (D:2)
  6 ball pythons
  3 endoplasms
  8 goblins
  8 hobgoblins
  2 bats
  4 kobolds
  5 rats (D:1)
38 creatures vanquished.

Notes
Turn   | Place    | Note
-------+----------+-------------------------------------------
     0 | D:1      | dracfodder the Human Conjurer began the quest for the Orb.
     0 | D:1      | Reached XP level 1. HP: 13/13 MP: 3/3
   568 | D:1      | Reached XP level 2. HP: 19/19 MP: 3/5
   714 | D:1      | Learned a level 2 spell: Searing Ray
  1417 | D:1      | Reached XP level 3. HP: 24/24 MP: 4/6
  1440 | D:1      | Learned a level 3 spell: Dazzling Flash
  2334 | D:2      | Noticed Robin
  2354 | D:2      | Reached XP level 4. HP: 11/30 MP: 3/7
  2356 | D:2      | Killed Robin
  2364 | D:2      | Slain by a hobgoblin

Illustrated notes

Levels and vault maps discovered:
D:1:      dpeg_arrival_rooms_c, layout_basic, chequers_serial_rivers_small_3,
          minmay_liquid_box, chequers_serial_rivers_room_b
D:2:      layout_loops_ring, serial_shops, nicolae_shop_bloodbath_and_beyond,
          uniq_robin
D:3:      layout_loops_ring, lemuel_round_altar,
          chequers_ecumenical_altar_simple_redux, kennysheep_generic_room_2

Action                   |  1- 3 |  4- 6 || total
-------------------------+-------+-------++-------
Melee: Dagger            |     9 |       ||     9
       Short sword       |    17 |     6 ||    23
 Cast: Magic Dart        |    39 |       ||    39
       Searing Ray       |     8 |     1 ||     9
  Use: Scroll            |     3 |       ||     3
       Potion            |       |     1 ||     1
Armor: Robe              |     8 |       ||     8
Dodge: Dodged            |    28 |     2 ||    30

Table legend: (Time is in decaauts)
 A = Elapsed time spent in this place.
 B = Non-inter-level travel time spent in this place.
 C = Inter-level travel time spent in this place.
 D = Time resting spent in this place.
 E = Time spent auto-exploring this place.
 F = Levels seen in this place.
 G = Mean time per level.
                   A        B        C        D        E       F      G
               +--------+--------+--------+--------+--------+-----+--------+
         Total |   2371 |   2325 |     46 |    906 |   1029 |   3 |  790.3 |
       Dungeon |   2371 |   2325 |     46 |    906 |   1029 |   3 |  790.3 |
               +--------+--------+--------+--------+--------+-----+--------+

Top non-repeatable levels by time:
     D:1: 1913 daAuts
     D:2: 454 daAuts
     D:3: 4 daAuts
